 Dungeon Sprint DCSS version 0.30-a0-924-g0ad0bf95bc (webtiles) character file.

Game seed: 2470668793997554086

7 Pimp the Trooper (level 2, -14/22 HPs)
             Began as an Octopode Transmuter on Mar 22, 2023.
             Was an Initiate of Vehumet.
             Killed from afar by a deep elf pyromancer (36 damage)
             ... with a bolt of fire
             ... in the Dungeon (Sprint V: "Ziggurat Sprint").
             The game lasted 00:06:21 (111 turns).

Pimp the Trooper (Octopode Transmuter)               Turns: 111, Time: 00:06:22

Health: -14/22     AC:  1    Str: 21    XL:     2   Next: 0%
Magic:  4/6        EV: 15    Int: 27    God:    Vehumet [......]
Gold:   0          SH:  0    Dex: 24    Spells: 6/7 levels left

rFire   . . .      SeeInvis +    z - +27 heavy crossbow "Sniper" {heavy, Acc+∞ SInv}
rCold   . . .      Faith    .    (shield currently unavailable)
rNeg    . . .      Spirit   .    (helmet restricted)
rPois   .          Reflect  .    (no amulet)
rElec   .          Rampage  .    y - +6 ring of strength
rCorr   .          NoTele   +    w - +6 ring of intelligence
Will    .....                    u - +6 ring of dexterity
Stlth   +++                      t - +6 ring of dexterity
HPRegen 0.23/turn                v - +6 ring of intelligence
MPRegen 0.10/turn                x - +6 ring of strength
                                 s - ring of flight
                                 (no ring)

@: flying
A: almost no armour, amphibious, 8 rings, camouflage 1, gelatinous body 1,
(nimble swimmer 1), tentacles
a: Renounce Religion


You were in the Dungeon.
You worshipped Vehumet.
Vehumet was noncommittal.
You visited 1 branch

Inventory:

Hand Weapons
 z - the +27 heavy crossbow "Sniper" (weapon) {heavy, Acc+∞ SInv}
   (You found it in the Dungeon)

   Acc+∞: It never misses its target.
   SInv:      It lets you see invisible.
 A - the +7 great mace "Firestarter" {flame, inner flame, rFlCloud rF++}
   (You found it in the Dungeon)

   rFlCloud:  It grants immunity to clouds of flame.
   rF:        It greatly protects you from fire.
Armour
 B - the +18 shield of the Gong {Loud rN+ Will+ rCorr EV-5}
   (You found it in the Dungeon)

   Loud:      It is deafeningly noisy when blocking attacks.
   EV:        It affects your evasion (-5).
   rN:        It protects you from negative energy.
   rCorr:     It protects you from acid and corrosion.
   Will:      It increases your willpower.
Jewellery
 s - a ring of flight (on tentacle)
 t - a +6 ring of dexterity (on tentacle)
 u - a +6 ring of dexterity (on tentacle)
 v - a +6 ring of intelligence (on tentacle)
 w - a +6 ring of intelligence (right tentacle)
 x - a +6 ring of strength (on tentacle)
 y - a +6 ring of strength (left tentacle)
Wands
 q - a wand of mindburst (7)
 r - a wand of light (7)
Scrolls
 g - 4 scrolls of blinking
 m - 4 scrolls of amnesia
 n - 7 scrolls of fog
 o - 5 scrolls of identify
 p - 2 scrolls of fear
Potions
 a - a potion of lignification
 b - 10 potions of curing
 c - 10 potions of heal wounds
 d - 6 potions of haste
 e - 7 potions of magic
 f - 3 potions of berserk rage
 h - 2 potions of brilliance
 i - 2 potions of invisibility
 j - 4 potions of resistance
 l - 5 potions of might


   Skills:
 * Level 4.0 Fighting
 * Level 3.6 Ranged Weapons
 + Level 3.3 Dodging
 - Level 3.0 Unarmed Combat
 + Level 3.1 Spellcasting
 + Level 3.3 Transmutations


You had 6 spell levels left.
You knew the following spells:

 Your Spells              Type           Power      Damage    Failure   Level
a - Beastly Appendage     Tmut           44%        N/A       2%          1

Your spell library contained the following spells:

 Spells                   Type           Power      Damage    Failure   Level
 Wereblood                Tmut           22%        N/A       3%          2
 Spider Form              Tmut/Pois      13%        N/A       13%         3
 Ice Form                 Ice/Tmut       13%        N/A       41%         4


Dungeon Overview and Level Annotations

Branches:
Dungeon (1/1)

Altars:
Ashenzari
Cheibriados
Dithmenos
Elyvilon
Fedhas
Gozag
Hepliaklqana
Kikubaaqudgha
Makhleb
Nemelex Xobeh
Okawaru
Qazlal
Ru
Sif Muna
Trog
Uskayaw
Vehumet
Wu Jian
Xom
Yredelemnul
Zin
The Shining One
Jiyva
Lugonu

Annotations:
D 1 transporter


Innate Abilities, Weirdness & Mutations

You cannot wear most types of armour.
You are amphibious.
You can wear up to eight rings at the same time.
Your skin changes colour to match your surroundings (Stealth+).
Your rubbery body absorbs attacks. (AC +1, EV +1)
((You are camouflaged when in or above water. (Stealth+)))
You have tentacles for arms and can constrict up to eight enemies at once.


Message History

Okay, then.
Okay, then.
Items here: )))))))))).
(D) Dungeon
Where to? (Enter - D @ (x,y), ? - help)
Okay, then.
You can't go down here!
A - the +7 great mace "Firestarter" {flame, inner flame, rFlCloud rF++}
Items here: ))) [[.
B - the +18 shield of the Gong {Loud rN+ Will+ rCorr EV-5}
There is a radiant altar of Vehumet here.
You hover solemnly before the altar of Vehumet.
Vehumet welcomes you!
You feel more experienced!
Your Fighting skill gained 3 levels and is now at level 4!
Your Ranged Weapons skill gained 3 levels and is now at level 3!
Your Dodging skill increases to level 3!
Your Spellcasting skill increases to level 3!
Your Transmutations skill increases to level 3!
You have reached level 2!
Okay, then.
There is a transporter here.
Welcome to arena 1.
You enter the transporter and appear at another place.
A deep elf pyromancer and a +6 long sword of protection come into view.
The deep elf pyromancer shouts!
The deep elf pyromancer casts a spell.
Found a lightning rod (4/4) and a +6 trident of flaming.
Found a transporter.
Fire: z) +27 heavy crossbow "Sniper" {heavy, Acc+∞ SInv}
Press: ? - help, Q - select action, (/) - cycle Shift-Dir - straight line, f - +6 long sword of protection
Aim: a +6 long sword of protection (100% to hit)
You shoot a bolt.
The bolt hits the +6 long sword of protection!!!
The +6 long sword of protection falls from the air.
Vehumet accepts your kill.
The deep elf pyromancer gestures at you while chanting.
The bolt of fire hits you!!!
Ouch! That really hurt!
You die...

▓▓▓▓▓▓▓
▓☼8©8.▓
▓.☼.○.▓
▓.eE○.▓
▓..E..▓
▓.....▓
▓..@..▓
▓▓▓▓▓▓▓


You could see a deep elf pyromancer and 2 fire elementals.

Vanquished Creatures
  A dancing weapon (D)
1 creature vanquished.

Notes
Turn   | Place    | Note
-------+----------+-------------------------------------------
     0 | D        | Pimp the Octopode Transmuter began the quest for the Orb.
     0 | D        | Reached XP level 1. HP: 13/13 MP: 3/3
     0 | D        | Found a shimmering blue altar of Sif Muna.
     0 | D        | Found a bloodstained altar of Trog.
     0 | D        | Found a sacrificial altar of Ru.
     0 | D        | Found a stormy altar of Qazlal.
     0 | D        | Found an iron altar of Okawaru.
     1 | D        | Found a blossoming altar of Fedhas.
     1 | D        | Found the +6 Majin-Bo {spellvamp, MP+6 Int+6}
     1 | D        | Found the +27 heavy crossbow "Sniper" {heavy, Acc+∞ SInv}
     1 | D        | Found the +10 dark maul {heavy}
     1 | D        | Found the +15 Maxwell's patent armour {-Cast -Tele rElec
                  | Will+ rCorr}
     1 | D        | Found the +18 shield of the Gong {Loud rN+ Will+ rCorr
                  | EV-5}
     1 | D        | Found the +16 obsidian axe {drain, demonic, Mesm Drain Fly
                  | SInv}
     1 | D        | Found the +7 great mace "Firestarter" {flame, inner flame,
                  | rFlCloud rF++}
     1 | D        | Found the +6 shillelagh "Devastator" {shatter}
     1 | D        | Found the +11 plutonium sword {Contam Stlth-}
     1 | D        | Found the +8 lance "Wyrmbane" {slay drac, rPois rF+ rC+
                  | AC+3}
     1 | D        | Found the +9 sword of Zonguldrok {reap}
     1 | D        | Found the +13 scythe of Curses {drain, curses, Drain}
     1 | D        | Found the +9 sword of Power {lifebolt}
     1 | D        | Found the +7 mace of Variability {chaos, chain chaos}
     1 | D        | Found the +11 Singing Sword {sonic wave}
     1 | D        | Found the +8 storm bow {elec, penet}
     2 | D        | Found a viscous altar of Jiyva.
     2 | D        | Found a transporter.
     2 | D        | Found a hazy altar of Hepliaklqana.
     2 | D        | Found an ancient bone altar of Kikubaaqudgha.
     2 | D        | Found an opulent altar of Gozag.
     2 | D        | Found a corrupted altar of Lugonu.
     3 | D        | Found a burning altar of Makhleb.
     4 | D        | Found a sparkling altar of Nemelex Xobeh.
    96 | D        | Became a worshipper of Vehumet
   108 | D        | Reached skill level 4 in Fighting
   108 | D        | Reached XP level 2. HP: 22/22 MP: 4/6
   110 | D        | Entered arena 2.
   110 | D        | Noticed a deep elf pyromancer
   110 | D        | Noticed a +6 long sword of protection
   110 | D        | Found a transporter.
   111 | D        | Noticed a fire elemental
   111 | D        | Noticed a fire elemental
   111 | D        | Killed a +6 long sword of protection
   111 | D        | Killed from afar by a deep elf pyromancer

Illustrated notes

Levels and vault maps discovered:
D:        sprint_v [room_start, room_1, room_2, room_3, room_4, room_5, room_6,
          room_7, room_8, room_9, room_10, room_11, room_12, room_13, room_14,
          room_15, room_16, room_17, room_18, room_19, room_20, room_21,
          room_22, room_23, room_24, room_25, room_26, room_27]

Skill      XL: |  1 |
---------------+----+-----
Fighting       | 4 |  4.0
Ranged Weapons | 3 |  3.6
Dodging        | 3 |  3.3
Spellcasting   | 3 |  3.1
Transmutations | 3 |  3.3
Unarmed Combat | |  3.0

Action                     || total
---------------------------++-------
   Fire: Heavy crossbow    ||     1
    Use: Potion            ||     1

Table legend: (Time is in decaauts)
 A = Elapsed time spent in this place.
 B = Non-inter-level travel time spent in this place.
 C = Inter-level travel time spent in this place.
 D = Time resting spent in this place.
 E = Time spent auto-exploring this place.
 F = Levels seen in this place.
 G = Mean time per level.
                   A        B        C        D        E       F      G
               +--------+--------+--------+--------+--------+-----+--------+
         Total |    107 |     88 |     19 |      0 |      0 |   1 |  107.0 |
       Dungeon |    107 |     88 |     19 |      0 |      0 |   1 |  107.0 |
               +--------+--------+--------+--------+--------+-----+--------+

Top non-repeatable levels by time:
       D: 107 daAuts
